 Dungeon Crawl Stone Soup version 0.30-a0-591-g3c58d2bc28 (webtiles) character file.

Game seed: 9845534693880146167

98 NinjaNoafa the Grasshopper (level 4, -1/38 HPs)
             Began as a Gnoll Warper on Jan 5, 2023.
             Killed by divine providence
             ... invoked by an orc priest
              (13 damage)
             ... on level 3 of the Dungeon.
             The game lasted 00:05:56 (2288 turns).

NinjaNoafa the Grasshopper (Gnoll Warper)           Turns: 2288, Time: 00:05:56

Health: -1/38      AC:  3    Str: 10    XL:     4   Next: 69%
Magic:  11/11      EV: 18    Int: 14    God:
Gold:   131        SH:  0    Dex: 12    Spells: 5/13 levels left

rFire   + . .      SeeInvis .    s - +5 dagger (vamp)
rCold   . . .      Faith    .    (no shield)
rNeg    . . .      Spirit   .    b - +0 leather armour
rPois   .          Reflect  .    (no helmet)
rElec   .          Harm     .    (no cloak)
rCorr   .          Rampage  .    (no gloves)
Will    .....                    (no boots)
Stlth   +                        (no amulet)
HPRegen 0.26/turn                k - +5 ring of evasion
MPRegen 0.12/turn                o - ring of protection from fire

@: no status effects
A: fangs 1, strong nose, distributed training
a: no special abilities


You were on level 3 of the Dungeon.
You visited 1 branch of the dungeon, and saw 3 of its levels.

You collected 131 gold pieces.

Inventory:

Hand Weapons
 s - a +5 vampiric dagger (weapon)
Missiles
 d - 6 boomerangs of dispersal (quivered)
Armour
 b - a +0 leather armour (worn)
Jewellery
 k - a +5 ring of evasion (left hand)
 o - a ring of protection from fire (right hand)
Scrolls
 a - a scroll of identify {unknown}
 c - a scroll of blinking
 h - a scroll of vulnerability {unknown}
 j - 2 scrolls of teleportation {unknown}
 l - a scroll of enchant weapon {unknown}
 m - a scroll of torment {unknown}
 r - a scroll of fear {unknown}
Potions
 e - 3 potions of curing {unknown}
 f - a potion of mutation {unknown}
 g - 2 potions of haste {unknown}
 i - a potion of might {unknown}
 n - a potion of lignification {unknown}
 p - 2 potions of heal wounds {unknown}
 q - a potion of ambrosia {unknown}


   Skills:
 + Level 4.7 Fighting
 + Level 1.2 Short Blades
 + Level 4.7 Long Blades
 + Level 1.2 Axes
 + Level 1.2 Maces & Flails
 + Level 1.2 Polearms
 + Level 1.2 Staves
 + Level 1.2 Ranged Weapons
 + Level 2.8 Throwing
 + Level 2.8 Armour
 + Level 4.7 Dodging
 + Level 1.2 Stealth
 + Level 1.2 Shields
 + Level 1.2 Unarmed Combat
 + Level 5.1 Spellcasting
 + Level 1.0 Conjurations
 + Level 1.0 Hexes
 + Level 1.0 Summonings
 + Level 1.0 Necromancy
 + Level 5.5 Translocations
 + Level 1.0 Transmutations
 + Level 1.0 Fire Magic
 + Level 1.0 Ice Magic
 + Level 1.0 Air Magic
 + Level 1.0 Earth Magic
 + Level 1.0 Poison Magic
 + Level 1.4 Invocations
 + Level 1.2 Evocations


You had 5 spell levels left.
You knew the following spells:

 Your Spells              Type           Power      Damage    Failure   Level
a - Blink                 Tloc           38%        N/A       3%          2
b - Lesser Beckoning      Tloc           38%        N/A       7%          3
c - Teleport Other        Tloc           19%        N/A       7%          3

Your spell library contained the following spells:

 Spells                   Type           Power      Damage    Failure   Level
 Magic Dart               Conj           24%        1d4       14%         1
 Vhi's Electric Charge    Tloc/Air       24%        N/A       19%         3
 Searing Ray              Conj           12%        2d4       22%         2
 Manifold Assault         Tloc           19%        N/A       24%         4
 Fulminant Prism          Conj/Hex       3%         3d5       82%         4


Dungeon Overview and Level Annotations

Branches:
Dungeon (3/15)

Altars:


Innate Abilities, Weirdness & Mutations

You have very sharp teeth.
Your uncanny sense of smell can sniff out nearby items.
Your experience applies equally to all skills.


Message History

Something tries to affect you, but you resist.
You hit something. Something barely misses you.
You barely miss something. Something hits you.
You miss something.
You hear some strange, mumbled words.
A magic dart appears from out of thin air!
The magic dart hits you.
You barely miss something. Something barely misses you.
You hit something.
You feel better.
You bite something. Something hits you.
You miss something. Something hits you. Something hits you but does no damage.
The orc priest mumbles some strange prayers to Beogh against you.
Beogh smites you!
You hit something.
You feel better. Something hits you but does no damage.
You closely miss something.
You hear some strange, mumbled words.
A magic dart appears from out of thin air!
The magic dart hits you.
You hit something but do no damage. Something barely misses you.
You barely miss something. You bite something. Something hits you.
Hit: s) +5 dagger (vamp)
Press: ? - help, Dir - move target You hit something.
You feel better.
You hear some strange, mumbled words.
A puff of flame appears from out of thin air!
The puff of flame hits you. You resist.
The orc priest miscasts a cantrip.
Hit: s) +5 dagger (vamp)
Press: ? - help, Dir - move target You closely miss something.
Your bite misses something. Something barely misses you.
The orc priest looks encouraged for a moment.
You hit something.
You feel better. Something barely misses you.
You hit something.
You hear some strange, mumbled words.
A magic dart appears from out of thin air!
The magic dart hits you.
The orc priest calls down the wrath of Beogh upon you.
Beogh smites you!
You die...

### #.. #.# #.# #.# # # #.#
## #
#...#.##o##############.##.#
....?oooJl{@................
...o#################.#.##.#
. #...#.....# #.#.##....##.#
#.#.....<....#
#...#.#..##### ###.#.....#
###........#..
#<#.#...####.##


You could see an orc priest, 3 orcs, an endoplasm and a frilled lizard.

Vanquished Creatures
  Jessica (D:2)
  2 adders
  4 dart slugs
  An orc (D:3)
  8 bats
  3 endoplasms
  2 giant cockroaches (D:1)
  A goblin (D:1)
  2 hobgoblins
  7 kobolds
  A quokka (D:1)
  8 ball pythons
  A frilled lizard (D:1)
  5 rats
46 creatures vanquished.

Notes
Turn   | Place    | Note
-------+----------+-------------------------------------------
     0 | D:1      | NinjaNoafa the Gnoll Warper began the quest for the Orb.
     0 | D:1      | Reached XP level 1. HP: 20/20 MP: 6/6
   279 | D:1      | Reached XP level 2. HP: 15/26 MP: 7/7
   584 | D:1      | Reached skill level 5 in Spellcasting
   584 | D:1      | Reached XP level 3. HP: 25/31 MP: 7/9
   587 | D:1      | Learned a level 2 spell: Blink
   591 | D:1      | Learned a level 3 spell: Lesser Beckoning
   595 | D:1      | Learned a level 3 spell: Teleport Other
  1118 | D:2      | Reached skill level 1 in Invocations
  1269 | D:2      | Reached skill level 1 in Short Blades
  1269 | D:2      | Reached skill level 1 in Axes
  1269 | D:2      | Reached skill level 1 in Maces & Flails
  1269 | D:2      | Reached skill level 1 in Polearms
  1269 | D:2      | Reached skill level 1 in Staves
  1269 | D:2      | Reached skill level 1 in Ranged Weapons
  1269 | D:2      | Reached skill level 1 in Stealth
  1269 | D:2      | Reached skill level 1 in Shields
  1269 | D:2      | Reached skill level 1 in Unarmed Combat
  1269 | D:2      | Reached skill level 1 in Evocations
  1591 | D:2      | Found a faded altar of an unknown god.
  1636 | D:2      | Noticed Jessica
  1645 | D:2      | Killed Jessica
  1646 | D:2      | Reached skill level 1 in Conjurations
  1646 | D:2      | Reached skill level 1 in Hexes
  1646 | D:2      | Reached skill level 1 in Summonings
  1646 | D:2      | Reached skill level 1 in Necromancy
  1646 | D:2      | Reached skill level 1 in Transmutations
  1646 | D:2      | Reached skill level 1 in Fire Magic
  1646 | D:2      | Reached skill level 1 in Ice Magic
  1646 | D:2      | Reached skill level 1 in Air Magic
  1646 | D:2      | Reached skill level 1 in Earth Magic
  1646 | D:2      | Reached skill level 1 in Poison Magic
  1646 | D:2      | Reached XP level 4. HP: 28/38 MP: 7/11
  2288 | D:3      | Killed from afar by an orc priest

Illustrated notes

Levels and vault maps discovered:
D:1:      amcnicky_arrival_abandoned_market, layout_basic
D:2:      layout_loops_corners, shapermc_ecumenical_altar_mp_ritualfount,
          st_stairs_8, serial_bayou_pond_e, eino_curves_04, moated_statue,
          kennysheep_generic_room_9, uniq_jessica
D:3:      layout_basic, minitemple, tso_metal_star, serial_shops, shop,
          minmay_divided_ellipse

Skill      XL: |  1  2  3 |
---------------+----------+-----
Spellcasting   | 5 |  5.1
Invocations    | 1 |  1.4
Short Blades   | 1 |  1.2
Axes           | 1 |  1.2
Maces & Flails | 1 |  1.2
Polearms       | 1 |  1.2
Staves         | 1 |  1.2
Ranged Weapons | 1 |  1.2
Stealth        | 1 |  1.2
Shields        | 1 |  1.2
Unarmed Combat | 1 |  1.2
Evocations     | 1 |  1.2
Conjurations   | 1 |  1.0
Hexes          | 1 |  1.0
Summonings     | 1 |  1.0
Necromancy     | 1 |  1.0
Transmutations | 1 |  1.0
Fire Magic     | 1 |  1.0
Ice Magic      | 1 |  1.0
Air Magic      | 1 |  1.0
Earth Magic    | 1 |  1.0
Poison Magic   | 1 |  1.0
Fighting       | |  4.7
Long Blades    | |  4.7
Throwing       | |  2.8
Armour         | |  2.8
Dodging        | |  4.7
Translocations | |  5.5

Action                   |  1- 3 |  4- 6 || total
-------------------------+-------+-------++-------
Melee: Falchion          |   126 |       ||   126
       Bite              |     7 |     3 ||    10
       Punch             |     2 |       ||     2
       Dagger            |       |    40 ||    40
Throw: Boomerang         |     1 |       ||     1
 Cast: Lesser Beckoning  |     4 |     1 ||     5
       Teleport Other    |     1 |       ||     1
       Blink             |     1 |       ||     1
 Stab: Sleeping          |     1 |     2 ||     3
Armor: Leather armour    |    41 |     3 ||    44
Dodge: Dodged            |   134 |    24 ||   158

Table legend: (Time is in decaauts)
 A = Elapsed time spent in this place.
 B = Non-inter-level travel time spent in this place.
 C = Inter-level travel time spent in this place.
 D = Time resting spent in this place.
 E = Time spent auto-exploring this place.
 F = Levels seen in this place.
 G = Mean time per level.
                   A        B        C        D        E       F      G
               +--------+--------+--------+--------+--------+-----+--------+
         Total |   2294 |   2192 |    102 |      0 |   1713 |   3 |  764.7 |
       Dungeon |   2294 |   2192 |    102 |      0 |   1713 |   3 |  764.7 |
               +--------+--------+--------+--------+--------+-----+--------+

Top non-repeatable levels by time:
     D:2: 1120 daAuts
     D:1: 1114 daAuts
     D:3: 59 daAuts
